AoeStats
← calvinklein0115

Black Forest

503814792Analyzed
4v4 RM · 1mo ago on Sep 2, 2026· 77m 34s· 8 players
Game mode
Random Map
Map size
Large (8 player)
Population
200
Speed
Normal
Resources
Standard
Victory
Conquest
Starting age
Dark Age
Ending age
Imperial Age
RankedLock teamsTeams togetherTeam positionsShared explorationLock speedFull tech treeHidden civsTurbo modeCheats
Victory
Defeat
🇨🇳 Bohemians · China
920
+9
🇨🇳 Lithuanians · China
856
+12
🇨🇳 Khmer · China
804
+14
🇹🇷 Dravidians · Türkiye
677
+20
🇹🇼 Bohemians · Taiwan
802
-15
🇨🇳 Saracens · China
751
-13
🇨🇳 Hindustanis · China
745
-13
🇮🇩 Magyars · Indonesia
744
-13
ddmgsxis89228
1:23 Loom
10:46 Feudal Age
18:29 Castle Age
18:08 Double-Bit Axe
25:01 Gold Mining
25:07 Stone Mining
25:05 Horse Collar
26:47 Wheelbarrow
32:11 Imperial Age
30:03 Corvinian Army
30:26 Caravan
31:35 Scale Barding Armor
32:31 Heavy Plow
32:53 Hand Cart
32:23 Town Watch
32:52 Bow Saw
33:13 Ballistics
33:47 Elite Magyar Huszar
35:12 Chain Barding Armor
35:41 Fletching
35:51 Padded Archer Armor
37:35 Conscription
38:30 Bloodlines
39:53 Thumb Ring
40:14 Parthian Tactics
41:14 Heavy Cavalry Archer
42:36 Plate Barding Armor
43:16 Gold Shaft Mining
43:44 Two-Man Saw
43:23 Crop Rotation
43:13 Recurve Bow
44:00 Bodkin Arrow
44:21 Leather Archer Armor
45:24 Bracer
45:57 Ballistics
46:38 Chemistry
48:28 Ring Archer Armor
49:03 Husbandry
54:07 Light Cavalry
54:11 Cavalier
calvinklein0115
2:59 Loom
17:17 Feudal Age
18:11 Double-Bit Axe
20:50 Horse Collar
23:51 Castle Age
25:19 Bow Saw
27:34 Wheelbarrow
27:27 Heavy Plow
32:48 Fletching
33:29 Bodkin Arrow
37:36 Forging
41:11 Chemistry
40:30 Hand Cart
42:31 Pikeman
44:58 Ballistics
46:16 Iron Casting
45:42 Scale Mail Armor
46:21 Padded Archer Armor
48:58 Imperial Age
47:58 Chain Mail Armor
47:49 Squires
48:16 Caravan
49:08 Elite Hussite Wagon
1829032
4:52 Loom
12:15 Feudal Age
12:53 Double-Bit Axe
13:37 Horse Collar
20:44 Castle Age
19:33 Forging
19:42 Gold Mining
19:49 Stone Mining
20:51 Bloodlines
22:25 Heavy Plow
22:41 Bow Saw
24:19 Wheelbarrow
23:53 Scale Barding Armor
31:04 Imperial Age
31:11 Imperial Age
29:28 Hand Cart
29:55 Caravan
32:00 Coinage
31:39 Town Watch
33:27 Chemistry
33:22 Pikeman
33:23 Man-at-Arms
34:07 Squires
35:30 Fletching
36:16 Iron Casting
35:43 Scale Mail Armor
35:45 Padded Archer Armor
37:04 Two-Man Saw
36:22 Husbandry
38:12 Murder Holes
37:59 Treadmill Crane
38:41 Ballistics
38:50 Masonry
39:03 Conscription
38:29 Light Cavalry
40:03 Elite Mameluke
43:43 Chain Barding Armor
43:19 Bodkin Arrow
43:40 Chain Mail Armor
43:41 Counterweights
44:07 Hoardings
46:03 Plate Barding Armor
47:56 Siege Engineers
51:49 Heavy Camel Rider
54:06 Hussar
fjk
1:54 Loom
12:26 Feudal Age
14:02 Wheelbarrow
14:05 Horse Collar
19:14 Stone Mining
21:26 Castle Age
20:15 Gold Mining
22:30 Hand Cart
22:04 Double-Bit Axe
23:08 Heavy Plow
27:36 Gold Shaft Mining
28:30 Grand Trunk Road
36:04 Imperial Age
33:59 Forging
33:56 Scale Barding Armor
35:17 Fortified Wall
35:18 Masonry
35:29 Ballistics
35:22 Caravan
35:36 Bloodlines
35:26 Husbandry
35:25 Fletching
35:36 Padded Archer Armor
37:12 Conscription
36:51 Bodkin Arrow
37:11 Leather Archer Armor
37:05 Thumb Ring
38:12 Hoardings
37:02 Heavy Camel Rider
37:13 Elite Skirmisher
38:20 Bow Saw
38:48 Chain Barding Armor
39:04 Iron Casting
39:36 Chemistry
38:33 Imperial Camel Rider
40:23 Two-Man Saw
41:00 Plate Barding Armor
40:26 Bracer
40:57 Ring Archer Armor
40:30 Shatagni
42:59 Blast Furnace
51:07 Scale Mail Armor
51:55 Siege Engineers
51:47 Murder Holes
52:10 Chain Mail Armor
74:03 Town Watch
我儿陆振洋
0:29 Loom
14:45 Feudal Age
17:44 Double-Bit Axe
17:47 Horse Collar
22:46 Castle Age
23:20 Crossbowman
29:31 Bow Saw
37:14 Imperial Age
35:24 Wheelbarrow
36:39 Scale Mail Armor
36:49 Forging
38:10 Chain Mail Armor
37:26 Pikeman
38:49 Iron Casting
39:25 Two-Man Saw
38:45 Hand Cart
38:34 Heavy Plow
38:12 Halberdier
38:53 Squires
38:38 Arson
39:34 Plate Mail Armor
40:57 Conscription
40:05 Halberdier
40:46 Squires
40:32 Arson
44:48 Chemistry
44:56 Blast Furnace
45:16 Houfnice
48:26 Ballistics
48:30 Bombard Tower
63:37 Caravan
SUMC_月月
11:58 Feudal Age
13:24 Wheelbarrow
15:38 Castle Age
13:46 Double-Bit Axe
15:15 Horse Collar
21:12 Hand Cart
21:48 Bow Saw
22:39 Town Watch
23:07 Gold Mining
23:23 Heavy Plow
25:18 Gold Shaft Mining
24:59 Town Patrol
25:50 Stone Mining
30:12 Imperial Age
28:44 Stone Shaft Mining
33:07 Forging
33:04 Scale Barding Armor
32:35 Elite Ballista Elephant
33:16 Double Crossbow
33:16 Tusk Swords
36:29 Chemistry
35:50 Ballistics
41:12 Light Cavalry
42:02 Bloodlines
42:03 Husbandry
42:56 Iron Casting
42:57 Chain Barding Armor
43:30 Crop Rotation
43:05 Hussar
45:37 Elite Battle Elephant
48:50 Blast Furnace
48:26 Plate Barding Armor
飞羽
0:38 Loom
12:14 Feudal Age
19:29 Castle Age
17:32 Stone Mining
17:35 Gold Mining
18:14 Double-Bit Axe
18:12 Horse Collar
31:59 Imperial Age
30:07 Wheelbarrow
29:47 Bow Saw
29:41 Heavy Plow
29:33 Town Watch
30:11 Padded Archer Armor
30:30 Caravan
33:11 Leather Archer Armor
34:17 Chemistry
33:59 Forging
34:20 Conscription
35:00 Bloodlines
34:52 Husbandry
34:15 Cavalier
35:28 Ring Archer Armor
35:34 Iron Casting
35:05 Scale Barding Armor
35:53 Hand Cart
35:22 Pikeman
36:03 Squires
36:18 Scale Mail Armor
36:25 Capped Ram
37:17 Halberdier
39:21 Chain Mail Armor
39:27 Chain Barding Armor
42:07 Paladin
42:46 Arson
47:46 Plate Barding Armor
64:25 Light Cavalry
SheriffLoyd
0:53 Loom
15:05 Feudal Age
15:31 Horse Collar
15:44 Double-Bit Axe
17:57 Wheelbarrow
17:16 Gold Mining
23:28 Castle Age
24:48 Bow Saw
24:44 Heavy Plow
24:39 Stone Mining
24:54 Caravan
26:02 Masonry
26:14 Gambesons
26:30 Squires
26:17 Arson
31:07 Imperial Age
30:40 Forging
30:31 Scale Mail Armor
31:30 Onager
33:32 Conscription
33:31 Chain Mail Armor
34:50 Hand Cart
37:35 Pikeman
39:42 Two-Man Saw
40:04 Fortified Wall
42:13 Halberdier
47:02 Hoardings
59:51 Elite Urumi Swordsman
64:51 Iron Casting
64:47 Plate Mail Armor
64:07 Fletching
67:55 Blast Furnace
70:45 Wootz Steel
Connection lost

Rejoining the realm…

Still unreachable

The connection could not be restored.

Session expired

The server has moved on; the page needs a fresh start.